 Dungeon Crawl Stone Soup version 0.31-a0-851-g7ff8af7976 (webtiles) character file.

Game seed: 11819244014209579763

1092 LeprechaunX the Changeling (level 8, -3/54 HPs)
             Began as an Octopode Shapeshifter on Oct 6, 2023.
             Slain by a lemure (8 damage)
             ... led by Pikel
             ... on level 3 of the Dungeon.
             The game lasted 00:05:48 (3538 turns).

LeprechaunX the Changeling (Octopode Shapeshifter)  Turns: 3538, Time: 00:05:49

Health: -3/54      AC:  1    Str: 15    XL:     8   Next: 31%
Magic:  8/8        EV: 14    Int: 18    God:
Gold:   217        SH:  0    Dex: 12    Spells: 7/7 levels left

rFire   . .          .
                       - Unarmed
rCold   . . .        (no shield)
rNeg    . . .        (helmet currently unavailable)
rPois   .            (no amulet)
rElec   .            o - +6 ring of intelligence
rCorr   .            p - ring of see invisible
SInv    +            (no ring)
Will    .....        (no ring)
Stlth   ++           (no ring)
HPRegen 0.29/turn    (no ring)
MPRegen 0.11/turn    (no ring)
                     (no ring)

%: no passive effects
@: beast-form
A: beast (slay +3), almost no armour, amphibious, 8 rings, camouflage 1,
gelatinous body 1, (nimble swimmer 1), tentacles
a: Begin Untransformation


You were on level 3 of the Dungeon.
You were a hulking beast.
You visited 1 branch of the dungeon, and saw 4 of its levels.
You also visited: Sewer.

You collected 217 gold pieces.

Inventory:

Hand Weapons
 a - a +0 sling
Jewellery
 o - a +6 ring of intelligence (left tentacle)
 p - a ring of see invisible (right tentacle)
Talismans
 b - a beast talisman (active)
 c - a flux talisman
Scrolls
 e - 5 scrolls of identify {unknown}
 f - a scroll of fog {unknown}
 h - a scroll of enchant weapon {unknown}
 i - a scroll of brand weapon {unknown}
 k - 2 scrolls of summoning {unknown}
 m - a scroll of teleportation {unknown}
 q - 2 scrolls of blinking {unknown}
Potions
 d - 2 potions of lignification
 g - a potion of berserk rage {unknown}
 j - a potion of ambrosia {unknown}
 l - a potion of brilliance
 n - a potion of degeneration {unknown}
 r - a potion of haste {unknown}


   Skills:
 + Level 4.2 Fighting
 + Level 4.7 Dodging
 + Level 5.1 Unarmed Combat
 * Level 6.2 Shapeshifting


You had 7 spell levels left.
You didn't know any spells.
Your spell library contained the following spells:

 Spells                   Type           Power      Damage    Failure   Level
 Apportation              Tloc           0%         N/A       22%         1
 Necrotise                Necr           0%         1d4       22%         1
 Summon Small Mammal      Summ           0%         N/A       22%         1
 Call Canine Familiar     Summ           0%         N/A       54%         3
 Summon Guardian Golem    Hex/Summ       0%         N/A       54%         3


Dungeon Overview and Level Annotations

Branches:
Dungeon (4/15)              Sewer (visited)
 Temple: D:4-7

Altars:
Nemelex Xobeh

Shops:
D:3 =

Annotations:
D:4 Pikel


Innate Abilities, Weirdness & Mutations

You are a hulking beast.
Your limbs bulge with bestial killing power. (Slay +3)
You cannot wear most types of armour.
You are amphibious.
You can wear up to eight rings at the same time.
Your skin changes colour to match your surroundings (Stealth+).
Your rubbery body absorbs attacks. (AC +1, EV +1)
((You are camouflaged when in or above water. (Stealth+)))
You have tentacles for arms and can constrict up to eight enemies at once.


Message History

The lemure is moderately wounded.
You constrict the lemure. The lemure closely misses you.
You tentacle-slap the lemure.
The lemure is moderately wounded.
You constrict the lemure. The lemure hits you.
You bludgeon the lemure!
The lemure is severely wounded.
You constrict the lemure. The lemure hits you.
You tentacle-slap the lemure. Your squeeze misses the lemure.
The lemure is almost dead.
You constrict the lemure.
You kill the lemure!
That felt strangely unrewarding.
Pikel says, "You'll feel the lick of my whip!"
The lemure attacks as it pursues you! The lemure misses you.
The lemure attacks as it pursues you! The lemure hits you!
You see here a staff of earth.
The lemure attacks as it pursues you! The lemure hits you!
The lemure attacks as it pursues you! The lemure hits you but does no damage.
An ufetubus comes into view.
The lemure attacks as it pursues you! The lemure misses you.
The lemure attacks as it pursues you! The lemure misses you.
There is a stone staircase leading up here.
The lemure hits you!
* * * LOW HITPOINT WARNING * * *
You climb upwards.
There is a stone staircase leading down here.
You tentacle-slap the lemure. Your grab misses the lemure.
The lemure is moderately wounded.
The lemure hits you!
* * * LOW HITPOINT WARNING * * *
You closely miss the lemure. You grab the lemure.
You squeeze the lemure, but do no damage.
The lemure is moderately wounded.
You constrict the lemure, but do no damage.
The lemure barely misses you.
You bludgeon the lemure! Your squeeze misses the lemure.
The lemure is heavily wounded.
You constrict the lemure. The lemure hits you!
You die...

.##### #.# #..#....#
.#################.#####..######
...............................#
............................##.#
.............................#.#
....................∩........#.#
.......................>...###.#
...............................#
................h..........#####
................5..........#
..........[................#
............).[............#
...........................#
...........................#
...........................#
........................<..#
.....#..~#.................#


You could see a lemure.

Vanquished Creatures
  Grinder (D:3)
  A lemure (D:4)
  8 kobold brigands (Sewer)
  2 orc priests
  An iguana (D:4)
  Natasha (thrice) (D:2)
  6 adders
  2 river rats (Sewer)
  4 worms
  A dart slug (D:2)
  6 orcs
  10 endoplasms
  2 giant cockroaches
  14 goblins
  4 hobgoblins
  2 jackals (D:1)
  5 quokkas
  12 ball pythons
  6 bats
  4 frilled lizards
  13 kobolds
  6 rats
113 creatures vanquished.

Notes
Turn   | Place    | Note
-------+----------+-------------------------------------------
     0 | D:1      | LeprechaunX the Octopode Shapeshifter began the quest for
                  | the Orb.
     0 | D:1      | Reached XP level 1. HP: 13/13 MP: 1/1
    76 | D:1      | Reached XP level 2. HP: 14/18 MP: 2/2
   366 | D:1      | Reached XP level 3. HP: 20/23 MP: 3/3
   381 | D:1      | HP: 1/23 [poisoned by a kobold]
   820 | D:2      | Noticed Natasha
   827 | D:2      | Killed Natasha
   828 | D:2      | Reached XP level 4. HP: 23/29 MP: 4/4
   974 | D:2      | Noticed Natasha
   981 | D:2      | Killed Natasha
  1158 | D:2      | Noticed a great orb of eyes
  1160 | D:2      | Found a faded altar of an unknown god.
  1162 | D:2      | Noticed an eye of devastation
  1162 | D:2      | Noticed a great orb of eyes
  1162 | D:2      | Noticed a shining eye
  1192 | D:2      | Noticed Natasha
  1200 | D:2      | Killed Natasha
  1201 | D:2      | Reached skill level 4 in Shapeshifting
  1201 | D:2      | Reached XP level 5. HP: 18/34 MP: 5/5
  1385 | D:3      | Found a glowing drain.
  1431 | D:3      | Found Caegrar's Jewellery Boutique.
  1490 | Sewer    | Entered a sewer
  1543 | Sewer    | Noticed a kobold brigand
  1554 | Sewer    | Killed a kobold brigand
  1555 | Sewer    | Reached XP level 6. HP: 35/41 MP: 6/6
  2047 | Sewer    | Reached skill level 5 in Shapeshifting
  2047 | Sewer    | Reached XP level 7. HP: 26/46 MP: 7/7
  2861 | D:3      | Noticed Grinder
  2875 | D:3      | Killed Grinder
  2876 | D:3      | Reached skill level 5 in Unarmed Combat
  2876 | D:3      | Reached skill level 6 in Shapeshifting
  2876 | D:3      | Reached XP level 8. HP: 29/54 MP: 8/8
  3270 | D:3      | Found a sparkling altar of Nemelex Xobeh.
  3486 | D:4      | Noticed Pikel
  3538 | D:3      | Slain by a lemure

Illustrated notes

Levels and vault maps discovered:
D:1:      spicycebolla_arrival_risky_transporter, layout_basic,
          patterned_corridor
D:2:      layout_rooms, hellmonk_ecumenical_altar_watching_god, uniq_natasha
D:3:      kennysheep_the_goblin_king, layout_basic, lemuel_crystal_altar,
          cheibrodos_sewer_entry_drain, serial_shops, shop, uniq_grinder
D:4:      layout_loops_ring, okawaru_gym_becter, uniq_blork_the_orc, uniq_pikel

Skill      XL: |  1  2  3  4  5  6  7 |
---------------+----------------------+-----
Fighting       | 2 3 4 |  4.2
Shapeshifting  | 4 5 6 |  6.2
Dodging        | 3 4 |  4.7
Unarmed Combat | 4 5 |  5.1

Action                     |  1- 3 |  4- 6 |  7- 9 || total
---------------------------+-------+-------+-------++-------
  Melee: Unarmed           |    77 |    92 |    84 ||   253
         Constrict         |    18 |    17 |    18 ||    53
         Tentacles         |     8 |    13 |    17 ||    38
         Punch             |     2 |     3 |     6 ||    11
    Use: Potion            |       |       |     3 ||     3
   Stab: Sleeping          |     9 |     4 |     2 ||    15
 Armour: Skin              |    28 |    39 |    46 ||   113
  Dodge: Dodged            |    44 |    39 |    49 ||   132

Table legend: (Time is in decaauts)
 A = Elapsed time spent in this place.
 B = Non-inter-level travel time spent in this place.
 C = Inter-level travel time spent in this place.
 D = Time resting spent in this place.
 E = Time spent auto-exploring this place.
 F = Levels seen in this place.
 G = Mean time per level.
                   A        B        C        D        E       F      G
               +--------+--------+--------+--------+--------+-----+--------+
         Total |   3522 |   3424 |     98 |    330 |   2375 |   5 |  704.4 |
       Dungeon |   2370 |   2272 |     98 |     95 |   1691 |   4 |  592.5 |
         Sewer |   1151 |   1151 |      0 |    235 |    684 |   1 | 1151.0 |
               +--------+--------+--------+--------+--------+-----+--------+

Top non-repeatable levels by time:
   Sewer: 1151 daAuts
     D:3: 864 daAuts
     D:2: 683 daAuts
     D:1: 672 daAuts
     D:4: 151 daAuts
